 Dungeon Crawl Stone Soup version 0.31-a0-1225-g50297eb6a4 (webtiles) character file.

Game seed: 8807522222465224613

143 tilp the Sneak (level 5, -7/38 HPs)
             Began as a Vampire Enchanter on Dec 14, 2023.
             Was an Initiate of Wu Jian.
             Killed by divine providence
             ... invoked by an orc priest
              (15 damage)
             ... on level 4 of the Dungeon.
             The game lasted 00:04:42 (3240 turns).

tilp the Sneak (Vampire Enchanter)                  Turns: 3240, Time: 00:04:43

Health: -7/38      AC:  5    Str:  7    XL:     5   Next: 4%
Magic:  8/8        EV: 13    Int: 20    God:    Wu Jian [......]
Gold:   42         SH:  0    Dex: 14    Spells: 3/8 levels left

rFire   . . .        b - +2 falchion (vamp)
rCold   . . .        (no shield)
rNeg    . . .        v - +0 robe
rPois   .            (no helmet)
rElec   .            e - +0 cloak
rCorr   .            (no gloves)
SInv    +            n - +1 pair of boots
Will    .....        (no amulet)
Stlth   +++          (no ring)
HPRegen 0.46/turn    (no ring)
MPRegen 0.11/turn

%: no passive effects
@: healing quickly
A: alive, fangs 3, see invisible, vampiric 2
a: Exsanguinate, Renounce Religion


You were on level 4 of the Dungeon.
You worshipped Wu Jian.
Wu Jian was noncommittal.
You visited 1 branch of the dungeon, and saw 4 of its levels.

You collected 237 gold pieces.
You spent 195 gold pieces at shops.

Inventory:

Hand Weapons
 a - a +1 dagger of chaos
 b - a +2 vampiric falchion (weapon)
Missiles
 d - 18 stones (quivered)
 g - 6 datura-tipped darts
Armour
 e - a +0 cloak (worn)
 k - the +0 chain mail of Akeotzi {rPois Str+4}
   (You found it on level 3 of the Dungeon)

   Str+4:     It affects your strength (+4).
   rPois:     It protects you from poison
 n - a +1 pair of boots (worn)
 v - a +0 robe (worn)
Scrolls
 h - 2 scrolls of enchant armour {unknown}
Potions
 c - 2 potions of invisibility
 f - a potion of resistance {unknown}
 i - a potion of magic {unknown}


   Skills:
 * Level 1.6 Fighting
 * Level 2.5 Short Blades
 + Level 3.0 Dodging
 * Level 5.7 Stealth
 + Level 2.4 Spellcasting
 + Level 4.8 Hexes


You had 3 spell levels left.
You knew the following spells:

 Your Spells              Type           Power      Damage    Failure   Level
a - Ensorcelled Hibernat  Hex/Ice        24%        N/A       9%          2
b - Confusing Touch       Hex            22%        N/A       6%          3

Your spell library contained the following spells:

 Spells                   Type           Power      Damage    Failure   Level
 Tukima's Dance           Hex            22%        N/A       6%          3
 Dazzling Flash           Conj/Hex       24%        N/A       17%         3


Dungeon Overview and Level Annotations

Branches:
Dungeon (4/15)
 Temple: D:4-7

Altars:
Wu Jian

Shops:
D:2 *


Innate Abilities, Weirdness & Mutations

Your natural rate of healing is accelerated.
You have razor-sharp teeth.
You have supernaturally acute eyesight. (SInv)
You are afflicted with vampirism and can become a bat while bloodless.


Message History

You barely miss the orc. You bite the orc.
You kill the orc!
The Council accepts your kill.
The orc priest casts a cantrip, but nothing happens.
The orc hits you with a +0 club. The orc completely misses you.
Things that are here:
a +0 hand axe; a +0 leather armour; a +0 club You hit the orc.
The orc is almost dead.
The orc priest calls down the wrath of Beogh upon you.
Beogh smites you! The orc hits you with a +0 club.
You hit the orc.
You feel better.
You kill the orc!
The Council accepts your kill. The orc hits you with a +0 hand axe.
You barely miss the orc. The orc priest hits you with a +0 club.
* * * LOW HITPOINT WARNING * * *
The orc hits you with a +0 hand axe.
* * * LOW HITPOINT WARNING * * *
You see here a +0 club.
Unknown command.
You hit the orc priest.
You feel better.
The orc priest is lightly wounded.
The orc priest invokes the aid of Beogh against you.
Pain shoots through your body!
* * * LOW HITPOINT WARNING * * *
The orc hits you with a +0 hand axe.
* * * LOW HITPOINT WARNING * * *
You hit the orc priest.
The orc priest is heavily wounded.
The orc priest closely misses you. The orc hits you but does no damage.
You closely miss the orc priest.
The orc priest is heavily wounded.
The orc hits you with a +0 hand axe.
* * * LOW HITPOINT WARNING * * *
The orc priest mumbles some strange prayers to Beogh against you.
Beogh smites you!
You die...

....,**,,,,,,,,,* *,*
....***,,,,,,,,,* **,*
....* **,,,,,,,,* *,,*
....* **,,,,,,** *,.* ,,,,*
**,,,,,* **#..* ,,***
****,,* *###....* ..*
****###......o* #.#* ######
####.....#,,,*
*#.###....####.o@o.####*,**
##.............)#### ***
.............####
..........#### .........##
........## ........#
........# .......##


You could see an orc priest and an orc.

Vanquished Creatures
  8 adders
  2 worms (D:3)
  2 dart slugs
  3 orcs (D:4)
  6 bats
  4 endoplasms
  2 giant cockroaches
  6 goblins
  4 hobgoblins
  3 jackals (D:2)
  4 quokkas
  5 ball pythons
  A frilled lizard (D:1)
  2 kobolds
  7 rats
59 creatures vanquished.

Notes
Turn   | Place    | Note
-------+----------+-------------------------------------------
     0 | D:1      | tilp the Vampire Enchanter began the quest for the Orb.
     0 | D:1      | Reached XP level 1. HP: 13/13 MP: 3/3
   324 | D:1      | Reached XP level 2. HP: 19/20 MP: 5/5
   807 | D:1      | Found a faded altar of an unknown god.
   869 | D:1      | Learned a level 2 spell: Ensorcelled Hibernation
  1040 | D:2      | Found Upaoquvu's Assorted Antiques.
  1069 | D:2      | Gained mutation: You are afflicted with vampirism and can
                  | become a bat while bloodless. [Vampire growth]
  1069 | D:2      | Reached XP level 3. HP: 25/25 MP: 6/6
  1073 | D:2      | Learned a level 3 spell: Confusing Touch
  1115 | D:2      | Reached skill level 1 in Fighting
  1115 | D:2      | Reached skill level 5 in Stealth
  1218 | D:2      | You fall into a shaft and drop 1 floor!
  1381 | D:2      | Reached XP level 4. HP: 32/32 MP: 7/7
  1885 | D:3      | HP: 1/32 [poisoned by an adder]
  1891 | D:3      | HP: 1/32 [bat (1)]
  2691 | D:3      | Identified the +0 chain mail of Akeotzi {rPois Str+4}
  2945 | D:3      | Found an ornate altar of the Wu Jian Council.
  2952 | D:3      | Noticed a spectral centipede
  2952 | D:3      | Noticed a spectral black mamba
  2952 | D:3      | Noticed a spectral cane toad
  2953 | D:3      | Became a worshipper of the Wu Jian Council
  3019 | D:2      | Bought a pair of runed boots for 195 gold pieces
  3150 | D:4      | Reached XP level 5. HP: 38/38 MP: 8/8
  3240 | D:4      | Killed from afar by an orc priest

Illustrated notes

Levels and vault maps discovered:
D:1:      psy_arrival_statuary, layout_loops_corners, basic_ecumenical_altar,
          kennysheep_minor_cross
D:2:      layout_loops_ring, serial_shops, nicolae_shop_trees,
          minmay_misc_feat_tiny
D:3:      layout_loops_ring, pdpol_wu_jian_five_deadly_venoms,
          minmay_randomly_rotated_circles
D:4:      layout_cave_pods, uniq_robin

Skill      XL: |  1  2  3  4 |
---------------+-------------+-----
Fighting       | 1 |  1.6
Stealth        | 5 |  5.7
Short Blades   | 2 |  2.5
Dodging        | 3 |  3.0
Spellcasting   | |  2.4
Hexes          | |  4.8

Action                     |  1- 3 |  4- 6 || total
---------------------------+-------+-------++-------
  Melee: Dagger            |    81 |    86 ||   167
         Bite              |     3 |     8 ||    11
         Falchion          |       |    28 ||    28
   Cast: Ensorcelled Hiber |     2 |     7 ||     9
Ability: Lunge             |       |     1 ||     1
    Use: Scroll            |       |     7 ||     7
         Potion            |       |     2 ||     2
   Stab: Sleeping          |    11 |     8 ||    19
         Distracted        |       |     1 ||     1
 Armour: Robe              |    28 |    73 ||   101
  Dodge: Dodged            |    38 |    95 ||   133

Table legend: (Time is in decaauts)
 A = Elapsed time spent in this place.
 B = Non-inter-level travel time spent in this place.
 C = Inter-level travel time spent in this place.
 D = Time resting spent in this place.
 E = Time spent auto-exploring this place.
 F = Levels seen in this place.
 G = Mean time per level.
                   A        B        C        D        E       F      G
               +--------+--------+--------+--------+--------+-----+--------+
         Total |   3212 |   2816 |    396 |    322 |   1909 |   4 |  803.0 |
       Dungeon |   3212 |   2816 |    396 |    322 |   1909 |   4 |  803.0 |
               +--------+--------+--------+--------+--------+-----+--------+

Top non-repeatable levels by time:
     D:3: 1057 daAuts
     D:2: 1031 daAuts
     D:1: 1020 daAuts
     D:4: 103 daAuts
